 Dungeon Crawl Stone Soup version 0.30.1-11-g7821555f0a (webtiles) character file.

Game seed: 16137452564320956901

60 Peloso the Covered (level 3, 0/33 HPs)
             Began as a Minotaur Fighter on Dec 15, 2023.
             Slain by Natasha (4 damage)
             ... on level 2 of the Dungeon.
             The game lasted 00:00:49 (880 turns).

Peloso the Covered (Minotaur Fighter)                Turns: 880, Time: 00:00:50

Health: 0/33       AC:  7    Str: 20    XL:     3   Next: 82%
Magic:  2/2        EV:  9    Int:  5    God:
Gold:   50         SH:  4    Dex: 11    Spells: 2/2 levels left

rFire   . . .        a - +0 long sword
rCold   . . .        c - +0 buckler
rNeg    . . .        b - +0 scale mail
rPois   .            (helmet restricted)
rElec   .            (no cloak)
rCorr   .            (no gloves)
SInv    .            (no boots)
Will    .....        (no amulet) Stlth
                     (no ring)
HPRegen 0.25/turn    (no ring)
MPRegen 0.08/turn

%: no passive effects
@: no status effects
A: horns 2, retaliatory headbutt
a: no special abilities


You were on level 2 of the Dungeon.
You visited 1 branch of the dungeon, and saw 2 of its levels.

You collected 50 gold pieces.

Inventory:

Hand Weapons
 a - a +0 long sword (weapon)
Armour
 b - a +0 scale mail (worn)
 c - a +0 buckler (worn)
Jewellery
 h - a +6 ring of dexterity
 i - a ring of willpower
 k - a ring of willpower
Scrolls
 e - a scroll of enchant armour {unknown}
 f - 2 scrolls of identify {unknown}
 g - 2 scrolls of fear {unknown}
 j - 3 scrolls of teleportation {unknown}
Potions
 d - a potion of might


   Skills:
 + Level 4.2 Fighting
 + Level 3.2 Long Blades
 + Level 4.3 Armour
 + Level 4.2 Shields


You had 2 spell levels left.
You didn't know any spells.
Your spell library contained the following spells:

 Spells                   Type           Power      Damage    Failure   Level
 Apportation              Tloc           0%         N/A       88%         1
 Necrotise                Necr           0%         1d4       88%         1
 Sandblast                Erth           0%         2d4       88%         1
 Summon Small Mammal      Summ           0%         N/A       88%         1
 Passwall                 Tmut/Erth      0%         N/A       95%         2
 Stone Arrow              Conj/Erth      0%         3d7       99%         3


Dungeon Overview and Level Annotations

Branches:
Dungeon (2/15)

Altars:

Annotations:
D:2 Natasha


Innate Abilities, Weirdness & Mutations

You have a pair of horns on your head.
You reflexively headbutt those who attack you in melee.


Message History

A hobgoblin is nearby!
Natasha, Servant of Life and Death comes into view.
She is carrying a wand of flame (19).
Natasha casts a spell.
The hobgoblin hits you but does no damage.
You hit the hobgoblin but do no damage. Your headbutt misses the hobgoblin.
You block the hobgoblin's attack.
You barely miss the hobgoblin.
The hobgoblin hits you but does no damage.
You completely miss the hobgoblin. The hobgoblin hits you.
You hit the hobgoblin but do no damage. You block the hobgoblin's attack.
The cerulean imp hits you from afar with a +1 spear.
The hobgoblin hits you.
You hit the hobgoblin but do no damage.
The cerulean imp hits you from afar with a +1 spear.
The hobgoblin barely misses you.
You closely miss the hobgoblin. You block the cerulean imp's attack.
The hobgoblin hits you.
You hit the hobgoblin but do no damage. You headbutt the hobgoblin.
You kill the hobgoblin!
The cerulean imp barely misses you.
The cerulean imp hits you from afar with a +1 spear.
Natasha mewls in sadness.
Natasha mumbles some strange words.
The cerulean imp barely misses you.
You see here a hobgoblin corpse.
Natasha claws you!
* * * LOW HITPOINT WARNING * * *
The cerulean imp hits you with a +1 spear.
* * * LOW HITPOINT WARNING * * *
The cerulean imp hits you but does no damage.
You slash Natasha!
Natasha is heavily wounded.
Natasha claws you.
* * * LOW HITPOINT WARNING * * *
You block the cerulean imp's attack. The cerulean imp barely misses you.
Unknown command.
You hit Natasha but do no damage. Your headbutt misses Natasha.
Natasha is heavily wounded.
Natasha claws you.
You die...

####+#.# ......#
# ##.....## #
##.......## #
#.........#
+.........+
#....5....#
#....@5.#
##..h.†##
##...#.##
##+#.#.##
#..###.##
##.#####.####.#
#..##.........#
##.<.#.##.######
#......#.##


You could see Natasha and 2 cerulean imps.

Vanquished Creatures
  Terence (D:2)
  2 adders (D:2)
  A dart slug (D:1)
  2 endoplasms
  A goblin (D:1)
  5 hobgoblins
  2 ball pythons (D:1)
  A frilled lizard (D:2)
15 creatures vanquished.

Notes
Turn   | Place    | Note
-------+----------+-------------------------------------------
     0 | D:1      | Peloso the Minotaur Fighter began the quest for the Orb.
     0 | D:1      | Reached XP level 1. HP: 19/19 MP: 0/0
   163 | D:1      | Reached XP level 2. HP: 27/27 MP: 1/1
   310 | D:1      | You fall into a shaft and drop 1 floor!
   620 | D:2      | Noticed Terence
   628 | D:2      | Killed Terence
   629 | D:2      | Reached XP level 3. HP: 9/33 MP: 2/2
   869 | D:2      | Noticed Natasha
   880 | D:2      | Slain by Natasha

Illustrated notes

Levels and vault maps discovered:
D:1:      amcnicky_arrival_underground_garden, layout_basic
D:2:      layout_loops_corners, uniq_natasha, uniq_terence

Skill      XL: |  1  2 |
---------------+-------+-----
Fighting       | 4 |  4.2
Armour         | 4 |  4.3
Shields        | 4 |  4.2
Long Blades    | 3 |  3.2

Action                     || total
---------------------------++-------
  Melee: Long sword        ||    60
         Headbutt          ||     5
 Armour: Scale mail        ||    24
  Dodge: Dodged            ||    25
  Block: Buckler           ||    16
